 Dungeon Crawl Stone Soup version 0.31-a0-675-g238779eb0a (webtiles) character file.

Game seed: 395489488419882142

14 qw the Shooter (level 2, -1/17 HPs)
             Began as a Gargoyle Hunter on Sept 5, 2023.
             Frozen to death by an endoplasm (2 damage)
             ... on level 2 of the Dungeon.
             The game lasted 00:00:14 (695 turns).

qw the Shooter (Gargoyle Hunter)                     Turns: 695, Time: 00:00:15

Health: -1/17      AC:  6    Str: 14    XL:     2   Next: 45%
Magic:  2/2        EV: 11    Int:  9    God:
Gold:   77         SH:  0    Dex: 13    Spells: 1/1 levels left

rFire   . . .        Y - +1 shortbow
rCold   . . .        (shield currently unavailable)
rNeg    + . .        c - +0 leather armour
rPois   inf          (no helmet)
rElec   +            (no cloak)
rCorr   .            f - +0 pair of gloves
SInv    .            (no boots)
Will    .....        (no amulet)
Stlth   +            (no ring)
HPRegen 0.22/turn    (no ring)
MPRegen 0.08/turn

%: no passive effects
@: no status effects
A: sickness immunity, AC +2, negative energy resistance 1, electricity
resistance, torment resistance 1, petrification resistance
a: no special abilities


You were on level 2 of the Dungeon.
You visited 1 branch of the dungeon, and saw 2 of its levels.

You collected 77 gold pieces.


Innate Abilities, Weirdness & Mutations

You are immune to sickness and miasma.
Your stone body is resilient. (AC +2)
You are immune to poison.
You resist negative energy. (rN+)
You are resistant to electric shocks. (rElec)
You are resistant to unholy torment.
You are immune to petrification.


   Skills:
 - Level 2.1 Fighting
 + Level 4.6 Ranged Weapons
 - Level 1.5 Dodging
 - Level 1.1 Stealth


You had one spell level left.
You didn't know any spells.
Your spell library was empty.

Inventory:

Hand Weapons
 Y - a +1 shortbow (weapon)
Armour
 c - a +0 leather armour (worn)
 f - a +0 pair of gloves (worn)
Potions
 j - a potion of cancellation {unknown}
 k - a potion of lignification {unknown}

Dungeon Overview and Level Annotations

Branches:
Dungeon (2/15)

Altars:


Message History

An endoplasm comes into view.
You shoot an arrow. The endoplasm quivers.
The arrow hits the adder.
The adder is heavily wounded.
A jackal comes into view.
690 |||
Found retreat position at -5,3 (floor) with 0 blocking monsters and 3 monsters attacking at destination at distance 5
690 ||| Stepping ~*~*~tactically~*~*~ (retreating).
The adder barely misses you.
691 |||
Found retreat position at -4,4 (floor) with 0 blocking monsters and 3 monsters attacking at destination at distance 4
691 ||| Stepping ~*~*~tactically~*~*~ (retreating).
The adder bites you.
692 |||
Found retreat position at -3,3 (floor) with 0 blocking monsters and 3 monsters attacking at destination at distance 3
692 ||| Stepping ~*~*~tactically~*~*~ (retreating).
Found a Trismegistus Codex.
The jackal barks!
The endoplasm hits you but does no damage.
The endoplasm hits you. The adder barely misses you.
693 |||
Found retreat position at -2,2 (floor) with 0 blocking monsters and 3 monsters attacking at destination at distance 2
693 ||| Stepping ~*~*~tactically~*~*~ (retreating).
The jackal misses you.
The endoplasm attacks as it pursues you!
The endoplasm barely misses you. The adder attacks as it pursues you!
The adder closely misses you.
A jackal comes into view.
The jackal misses you.
694 |||
Found retreat position at -1,1 (floor) with 0 blocking monsters and 3 monsters attacking at destination at distance 1
694 ||| Stepping ~*~*~tactically~*~*~ (retreating).
The endoplasm attacks as it pursues you!
The endoplasm hits you but does no damage.
You shoot an arrow. The arrow closely misses the adder.
You hear a bark!
The adder barely misses you. The endoplasm freezes you.
You are frozen.
The endoplasm freezes you.
You are frozen.
The adder bites you. The endoplasm barely misses you.
The endoplasm freezes you.
You are frozen.
You die...

.##.
#..........###
.....
#............
..... ##.........#
.....##.!........#
:.h..#.....)....#
.....h..........#
...#h.....<....#
#JJ.....)......
#@S........####
###.......##
##.###### #..#
##.# .. ##.


You could see an adder, 2 endoplasms and 2 jackals.

Vanquished Creatures
  An endoplasm (D:1)
  A giant cockroach (D:1)
  A hobgoblin (D:1)
  5 kobolds
  2 ball pythons
  3 frilled lizards
  A rat (D:1)
14 creatures vanquished.

Notes
Turn   | Place    | Note
-------+----------+-------------------------------------------
     0 | D:1      | qw the Gargoyle Hunter began the quest for the Orb.
     0 | D:1      | Reached XP level 1. HP: 12/12 MP: 1/1
     0 | D:1      | 0 ||| qw: Version: 0.3-a-75-g829b12e
     0 | D:1      | 0 ||| qw: Game counter: 164
     0 | D:1      | 0 ||| qw: Melee chars always use a shield: true
     0 | D:1      | 0 ||| qw: God list: Okawaru
     0 | D:1      | 0 ||| qw: Allow faded altars: false
     0 | D:1      | 0 ||| qw: Do Orc after clearing Dungeon:15 true
     0 | D:1      | 0 ||| qw: Do second Lair branch before Depths: true
     0 | D:1      | 0 ||| qw: Lair rune preference: random
     0 | D:1      | 0 ||| qw: Goals: Normal
     0 | D:1      | 0 ||| PLANNING D:1-11
   327 | D:1      | Reached XP level 2. HP: 17/17 MP: 2/2
   525 | D:1      | 525 ||| UPGRADING to +0 pair of gloves.
   610 | D:1      | 610 ||| DROPPING ring of flight.
   611 | D:1      | 611 ||| READING scroll labelled UBBOFOE KYUNA.
   612 | D:1      | 612 ||| READING scroll labelled WEODIRH PUYGYFRU.
   613 | D:1      | 613 ||| READING scroll labelled JIAROR VEIQI.
   614 | D:1      | 614 ||| READING scroll labelled VOTOCO FYHIP.
   615 | D:1      | 615 ||| DROPPING scroll of butterflies.
   656 | D:2      | 656 ||| STAIRDANCE
   668 | D:2      | 668 ||| STAIRDANCE
   690 | D:2      | 690 ||| Stepping ~*~*~tactically~*~*~ (retreating).
   691 | D:2      | 691 ||| Stepping ~*~*~tactically~*~*~ (retreating).
   692 | D:2      | 692 ||| Stepping ~*~*~tactically~*~*~ (retreating).
   693 | D:2      | 693 ||| Stepping ~*~*~tactically~*~*~ (retreating).
   694 | D:2      | 694 ||| Stepping ~*~*~tactically~*~*~ (retreating).
   695 | D:2      | HP: 3/17 [frozen (4)]
   695 | D:2      | HP: 1/17 [adder (2)]
   695 | D:2      | Frozen to death by an endoplasm

Levels and vault maps discovered:
D:1:      ncdulo_watergridlock, layout_basic, serial_glass, glass_columns_b,
          glass_columns_b
D:2:      layout_rooms, st_stairs_4

Action                     || total
---------------------------++-------
   Fire: Shortbow          ||    42
    Use: Scroll            ||     4
 Armour: Leather armour    ||    16
  Dodge: Dodged            ||    19

Table legend:
 A = Non-vault XP
 B = Vault XP
 C = Vault XP percentage of total XP
 D = Non-vault monster count
 E = Vault monster count
 F = Vault count percentage of total count
                 A         B        C        D         E       F
            +---------+---------+-------+---------+---------+-------
      Total |      21 |       0 |   0.0 |      14 |       0 |   0.0
            +---------+---------+-------+---------+---------+-------
        D:1 |      18 |       0 |   0.0 |      11 |       0 |   0.0
        D:2 |       3 |       0 |   0.0 |       3 |       0 |   0.0
            +---------+---------+-------+---------+---------+-------
